[Event "Titled Tuesday Blitz November 14 Early 2023"]
[White "Vokhidov, Shamsiddin"]
[Black "Bodnaruk, Anastasia"]
[WhiteFideId "14204223"]
[BlackFideId "4181751"]
[WhiteElo "2997"]
[BlackElo "2635"]
[Result "1-0"]
[Round "2"]
[TimeControl "180+1"]
[Date "2023.11.14"]
[WhiteClock "0:00:13"]
[BlackClock "0:00:00"]
[Board "19"]

1. b3 Nf6 2. Bb2 d5 3. g3 g6 4. Bg2 Bg7 5. Nf3 O-O 6. c4 c6 7. O-O Nbd7 8. Nc3 e5 9. cxd5 Nxd5 10. Qc2 Re8 11. Rad1 f5 12. e4 Nb4 13. Qb1 Nf6 14. d4 Nxe4 15. Nxe4 fxe4 16. dxe5 Nd3 17. Ne1 Bf5 18. h3 h5 19. Nc2 Qe7 20. Ne3 Nxb2 21. Qxb2 Bxe5 22. Qc2 Bg7 23. g4 hxg4 24. hxg4 Be6 25. Qxe4 Qf6 26. Qb4 Re7 27. Rd6 Qf7 28. Rfd1 Rf8 29. Qe1 Be5 30. Rd8 Qf4 31. Rxf8+ Kxf8 32. Qe2 Rf7 33. Rd8+ Kg7 34. Re8 Bd7 35. Nf5+ Rxf5 36. Re7+ Kf8 37. Rxd7 Rf7 38. Rd3 Qc1+ 39. Rd1 Qf4 40. Rd3 Qc1+ 41. Bf1 Qf4 42. Rh3 Kg7 43. Bg2 Bd4 44. Bf3 c5 45. Qe8 Rf8 46. Qe7+ Rf7 47. Qe2 b6 48. Kg2 Qd6 49. Qe8 Rf8 50. Qe4 Rf7 51. g5 Qe5 52. Qh4 Kf8 53. Qh6+ Ke7 54. Qxg6 Rg7 55. Rh7 a6 56. Rxg7+ Qxg7 57. Qxg7+ Bxg7 58. Be2 b5 59. f4 Ke6 60. Kf3 Kd5 61. f5 c4 62. bxc4+ bxc4 63. f6 Bf8 64. Kf4 Ke6 65. Bxc4+ 1-0


[Site "https://www.chess.com"]

[Event "Titled Tuesday Blitz November 14 Early 2023"]
[White "Makarian, Rudik"]
[Black "Maltsevskaya, Aleksandra"]
[WhiteFideId "44105681"]
[BlackFideId "24174041"]
[WhiteElo "2985"]
[BlackElo "2634"]
[Result "0-1"]
[Round "2"]
[TimeControl "180+1"]
[Date "2023.11.14"]
[WhiteClock "0:00:03"]
[BlackClock "0:00:15"]
[Board "20"]

1. d4 d5 2. c4 dxc4 3. Nf3 Nf6 4. e3 c5 5. Bxc4 cxd4 6. exd4 e6 7. O-O Be7 8. Nc3 O-O 9. Qe2 b6 10. Rd1 Bb7 11. Bg5 Nbd7 12. Ne5 Nd5 13. Bxd5 Bxd5 14. Nxd7 Bxg5 15. Nxf8 Kxf8 16. Nxd5 Qxd5 17. Qe5 Rd8 18. g3 Bf6 19. Qxd5 Rxd5 20. Rac1 Bxd4 21. Rd2 g5 22. Rc7 a5 23. Kg2 Kg7 24. Rb7 g4 25. b3 h5 26. Rc7 Kg6 27. Rc4 Bc5 28. Rxd5 exd5 29. Rc2 Kf5 30. f3 d4 31. Rd2 Ke5 32. h3 f5 33. Rd3 Bb4 34. Rd1 Bc3 35. hxg4 hxg4 36. Kf2 Kd5 37. Ke2 Kc5 38. Kd3 Kb4 39. fxg4 fxg4 40. Rf1 Ka3 41. Rf4 Kxa2 42. Rxg4 Kxb3 43. Rg5 a4 44. Rb5+ Bb4 45. Rxb6 a3 46. Kxd4 a2 47. Ra6 Ba3 48. Rb6+ Kc2 49. Ke4 a1=Q 50. Rc6+ Kd2 51. Re6 Qg7 52. Kf5 Qxg3 53. Re4 Bd6 54. Rd4+ Ke3 55. Rg4 Qe5+ 56. Kg6 Qe6+ 57. Kh5 Be7 58. Rg5 Bxg5 0-1


[Site "https://www.chess.com"]

[Event "Titled Tuesday Blitz November 14 Early 2023"]
[White "Xu, Xiangyu"]
[Black "StiffMaster1"]
[WhiteFideId "8608288"]
[WhiteElo "2970"]
[BlackElo "2633"]
[Result "1-0"]
[Round "2"]
[TimeControl "180+1"]
[Date "2023.11.14"]
[WhiteClock "0:01:45"]
[BlackClock "0:01:17"]
[Board "21"]

1. d4 Nf6 2. c4 g6 3. Nc3 Bg7 4. e4 d6 5. h3 O-O 6. Be3 e5 7. d5 a5 8. g4 Na6 9. Bd3 Nd7 10. Nf3 Ndc5 11. Rg1 Kh8 12. a3 f5 13. gxf5 gxf5 14. Bc2 fxe4 15. Ng5 Bf5 16. Ncxe4 Nxe4 17. Bxe4 Bxe4 18. Nxe4 Qh4 19. Qg4 Qxg4 20. Rxg4 Rf3 21. Ke2 Rxh3 22. Rag1 Bh6 23. Nf6 1-0


[Site "https://www.chess.com"]

[Event "Titled Tuesday Blitz November 14 Early 2023"]
[White "Parkhov, Yair"]
[Black "Gholami Orimi, Mahdi"]
[WhiteFideId "2813408"]
[BlackFideId "12558486"]
[WhiteElo "2633"]
[BlackElo "2968"]
[Result "0-1"]
[Round "2"]
[TimeControl "180+1"]
[Date "2023.11.14"]
[WhiteClock "0:00:01"]
[BlackClock "0:00:44"]
[Board "22"]

1. d4 Nf6 2. c4 e6 3. Nf3 d5 4. g3 Bb4+ 5. Bd2 Be7 6. Qc2 O-O 7. Bg2 c6 8. O-O Nbd7 9. Rc1 Ne4 10. Be1 f5 11. Nc3 Nd6 12. cxd5 exd5 13. e3 Bf6 14. Ne2 g5 15. Bb4 Be7 16. Ne5 Nf6 17. a4 Be6 18. a5 a6 19. Nc3 f4 20. exf4 gxf4 21. Ne2 fxg3 22. hxg3 Bf5 23. Qd1 Nfe4 24. Nf4 Bg5 25. Ra3 Kh8 26. Qh5 Bxf4 27. gxf4 Qf6 28. Re1 Rg8 29. Kf1 Rg7 30. Bh3 Rag8 31. Bxd6 Nxd6 32. Bxf5 Nxf5 33. Rh3 Nxd4 34. Rg3 Rxg3 35. fxg3 Rxg3 36. Nf7+ Kg7 37. Re8 Qxf4+ 38. Ke1 Rg1# 0-1


[Site "https://www.chess.com"]

[Event "Titled Tuesday Blitz November 14 Early 2023"]
[White "Daneshvar, Bardiya"]
[Black "Stark, Lars"]
[WhiteFideId "12576468"]
[BlackFideId "4676386"]
[WhiteElo "2968"]
[BlackElo "2631"]
[Result "1-0"]
[Round "2"]
[TimeControl "180+1"]
[Date "2023.11.14"]
[WhiteClock "0:01:49"]
[BlackClock "0:00:00"]
[Board "23"]

1. b3 Nf6 2. Bb2 e6 3. Nf3 Be7 4. c4 O-O 5. Nc3 d5 6. e3 c5 7. cxd5 Nxd5 8. Be2 Nc6 9. O-O b6 10. a3 Bb7 11. Qc2 Rc8 12. Rfd1 Bf6 13. Nxd5 Bxb2 14. Qxb2 Qxd5 15. b4 Rfd8 16. bxc5 Qxc5 17. Rac1 Qd6 18. d4 h6 19. Bf1 Na5 20. Nd2 Bd5 21. Ba6 Bb7 22. Bxb7 Nxb7 23. Nc4 Qd5 24. Ne5 Nd6 25. Qb4 f6 26. Ng6 Kf7 27. Nf4 Qb5 28. Rxc8 Rxc8 29. Qxd6 Re8 30. h3 Re7 31. Rc1 Qd7 32. Qxd7 Rxd7 33. Kf1 g5 34. Nd3 e5 35. Rc4 Ke6 36. Ke2 Kf5 37. dxe5 fxe5 38. g4+ Ke6 39. Re4 Rd5 40. f4 Kf6 41. Rxe5 Rd6 42. Rf5+ Ke6 43. fxg5 hxg5 44. Rxg5 Rd8 45. Nf4+ 1-0


[Site "https://www.chess.com"]

[Event "Titled Tuesday Blitz November 14 Early 2023"]
[White "Al-Tarboush, Ward"]
[Black "Grischuk, Alexander"]
[WhiteFideId "7601450"]
[BlackFideId "4126025"]
[WhiteElo "2629"]
[BlackElo "2963"]
[Result "0-1"]
[Round "2"]
[TimeControl "180+1"]
[Date "2023.11.14"]
[WhiteClock "0:00:12"]
[BlackClock "0:00:26"]
[Board "24"]

1. e4 e5 2. Nf3 Nc6 3. Bb5 a6 4. Ba4 Nf6 5. O-O Be7 6. d3 d6 7. Be3 b5 8. Bb3 Na5 9. Nc3 O-O 10. Nd5 Nxd5 11. Bxd5 c6 12. Bb3 Nxb3 13. axb3 f5 14. h3 c5 15. Nh2 f4 16. Bd2 b4 17. Qe2 Be6 18. Ra4 Kh8 19. Rfa1 Qb6 20. Be1 Qb7 21. Kh1 Bd8 22. R4a2 Bb6 23. Qh5 a5 24. Qe2 Rf7 25. f3 Raf8 26. Bf2 Bd8 27. Kg1 Bb6 28. Kf1 Qd7 29. Ke1 Rf6 30. Kd2 Rg6 31. Rg1 h6 32. Be1 Ra8 33. Ng4 a4 34. Bh4 c4 35. Bf2 cxb3 36. cxb3 Bxb3 37. Raa1 Ba5 38. Rgc1 h5 39. d4 hxg4 40. hxg4 a3 41. Qd3 Bf7 42. b3 Bb6 43. Rc2 Kg8 44. Ke2 Rh6 45. d5 Bxf2 46. Kxf2 Qa7+ 47. Ke2 Rh2 48. Qc4 Rxg2+ 49. Ke1 Qg1+ 50. Qf1 Qxf1+ 51. Kxf1 Rxc2 0-1


[Site "https://www.chess.com"]

[Event "Titled Tuesday Blitz November 14 Early 2023"]
[White "Matlakov, Maxim"]
[Black "Fromm, Marius"]
[WhiteFideId "4168003"]
[BlackFideId "12993190"]
[WhiteElo "2958"]
[BlackElo "2628"]
[Result "1-0"]
[Round "2"]
[TimeControl "180+1"]
[Date "2023.11.14"]
[WhiteClock "0:00:45"]
[BlackClock "0:00:30"]
[Board "25"]

1. d4 Nf6 2. Nf3 e6 3. Bg5 d5 4. e3 Nbd7 5. Nbd2 h6 6. Bf4 Bd6 7. Bd3 O-O 8. c3 Qe7 9. Ne5 Ne8 10. Qg4 f5 11. Qg3 Nxe5 12. dxe5 Bc5 13. Bxh6 Bb6 14. h4 c5 15. h5 Kh7 16. Bg5 Qf7 17. Nf3 Bd7 18. Bh4 Kh8 19. Ng5 Qg8 20. Nh3 Qh7 21. Be7 Nc7 22. Nf4 Rf7 23. O-O-O Kg8 24. Ng6 Bb5 25. Bxb5 Nxb5 26. h6 gxh6 27. Bf6 Rxf6 28. exf6 Kf7 29. Nf4 Bc7 30. Qh4 Rg8 31. Qh5+ Kxf6 32. Qxh6+ Qxh6 33. Rxh6+ Kf7 34. Nxe6 1-0


[Site "https://www.chess.com"]

[Event "Titled Tuesday Blitz November 14 Early 2023"]
[White "Larino Nieto, David"]
[Black "Aravindh, Chithambaram VR."]
[WhiteFideId "2256444"]
[BlackFideId "5072786"]
[WhiteElo "2627"]
[BlackElo "2956"]
[Result "1/2-1/2"]
[Round "2"]
[TimeControl "180+1"]
[Date "2023.11.14"]
[WhiteClock "0:00:19"]
[BlackClock "0:00:11"]
[Board "26"]

1. e4 e5 2. Nf3 d6 3. d4 exd4 4. Nxd4 Nf6 5. Nc3 Be7 6. g3 d5 7. Bg2 dxe4 8. Nxe4 Nxe4 9. Bxe4 O-O 10. O-O Bf6 11. Be3 c6 12. c3 Nd7 13. Qc2 g6 14. Rad1 Qc7 15. Rfe1 Ne5 16. Bf4 Re8 17. Nf3 Bg4 18. Rc1 Bxf3 19. Bxe5 Qxe5 20. Bxf3 Qxe1+ 21. Rxe1 Rxe1+ 22. Kg2 Rd8 23. h4 h5 24. a4 Kg7 25. b4 Re7 26. b5 cxb5 27. axb5 b6 28. c4 Bd4 29. Bd5 Rde8 30. Qd3 Bf6 31. Bc6 Rf8 32. Kh3 Re5 33. f4 Re1 34. f5 Rd8 35. Bd5 Rde8 36. fxg6 fxg6 37. Qf3 R1e5 38. Qf4 R8e7 39. Qf2 Rf5 40. Qa2 Be5 41. Qa6 Rf8 42. Qa2 Bd6 43. Qb2+ Kh7 44. Qd4 Bc5 45. Qd2 Re3 46. Bc6 Rf7 47. Qd5 Rfe7 48. Qd8 R3e5 49. Bd5 Re8 50. Qc7+ R5e7 51. Qf4 Kg7 52. Qf3 Bd4 53. Qd3 Bf6 54. Qf3 Re3 55. Qf4 R8e5 56. Qf2 Ra3 57. Qf4 Ree3 58. Qc7+ Be7 59. Qf4 Bf6 60. Qc7+ Re7 61. Qb8 Ree3 62. Qg8+ Kh6 63. Qf8+ Bg7 64. Qf4+ Kh7 65. Qb8 Rxg3+ 66. Qxg3 Rxg3+ 67. Kxg3 Bf8 68. Kh3 Be7 69. Be4 Kg7 70. Bd5 Kf6 71. Kg3 Bc5 72. Kh3 Bf2 73. Bg8 Ke5 74. Bd5 Kd4 75. Bf7 Kc5 76. Bxg6 Kxc4 77. Be8 Kc5 78. Bd7 Kb4 79. Be8 Be1 80. Bd7 Kc5 81. Be8 Bf2 82. Bd7 Bd4 83. Be8 Be5 84. Bd7 Bb8 85. Be8 Kc4 86. Bd7 Kb4 87. Be8 Ka5 88. Bd7 a6 89. bxa6 b5 90. Bxb5 Kxb5 91. a7 Bxa7 92. Kg2 Kc4 93. Kh1 Kd3 94. Kg2 Ke2 95. Kh1 Bf2 96. Kg2 Bxh4 97. Kh1 Kf3 98. Kg1 Bg3 99. Kh1 Bf2 100. Kh2 h4 101. Kh1 Bg3 102. Kg1 h3 103. Kh1 h2 1/2-1/2


[Site "https://www.chess.com"]

[Event "Titled Tuesday Blitz November 14 Early 2023"]
[White "Kuzhylnyi, Oleksandr"]
[Black "Mitrabha, Guha"]
[WhiteFideId "34110500"]
[BlackFideId "5057000"]
[WhiteElo "2625"]
[BlackElo "2952"]
[Result "0-1"]
[Round "2"]
[TimeControl "180+1"]
[Date "2023.11.14"]
[WhiteClock "0:00:32"]
[BlackClock "0:00:43"]
[Board "27"]

1. b3 d5 2. Bb2 Bg4 3. Nf3 Bxf3 4. gxf3 Nf6 5. e3 g6 6. c4 c6 7. cxd5 cxd5 8. Bxf6 exf6 9. Nc3 d4 10. Nb5 Nc6 11. Qc2 f5 12. Qc4 Bg7 13. Rd1 O-O 14. f4 Rc8 15. Bg2 a6 16. Na3 dxe3 17. fxe3 Qe7 18. Nb1 Nd4 19. Qd5 Nc2+ 20. Ke2 Rc7 21. h4 Rd8 22. Qa5 Rc5 23. Qb6 Rb5 24. Qa7 Bd4 0-1


[Site "https://www.chess.com"]

[Event "Titled Tuesday Blitz November 14 Early 2023"]
[White "FoxOnTheRun97"]
[Black "Khismatullin, Denis"]
[BlackFideId "4142578"]
[WhiteElo "2622"]
[BlackElo "2941"]
[Result "0-1"]
[Round "2"]
[TimeControl "180+1"]
[Date "2023.11.14"]
[WhiteClock "0:00:31"]
[BlackClock "0:01:07"]
[Board "28"]

1. d4 d5 2. c4 e6 3. Nc3 Nf6 4. cxd5 exd5 5. Bg5 c6 6. e3 h6 7. Bh4 Be7 8. Bd3 O-O 9. Qc2 Re8 10. Nge2 Nbd7 11. O-O Nh5 12. Bxe7 Qxe7 13. a3 Nf8 14. b4 a6 15. Rab1 Bg4 16. a4 Nf6 17. Nf4 Rad8 18. b5 axb5 19. axb5 c5 20. dxc5 Qxc5 21. Na4 Qxc2 22. Bxc2 d4 23. Nc5 dxe3 24. Nxb7 Rd2 25. Ba4 e2 26. Rfe1 Rd4 27. Nc5 Rxf4 28. b6 Rb8 29. b7 Ne6 30. Na6 Rxb7 31. Rxb7 Rxa4 32. Nc7 Nc5 33. Rb8+ Kh7 34. f3 Nd3 35. fxg4 Nxe1 36. Kf2 Nxg2 37. Kxe2 Rxg4 38. Kf3 Nh4+ 39. Ke3 Rg2 40. h3 Rg3+ 41. Kf4 Rf3+ 42. Ke5 Nd7+ 0-1


[Site "https://www.chess.com"]

[Event "Titled Tuesday Blitz November 14 Early 2023"]
[White "Gurel, Ediz"]
[Black "Principe, Gerson"]
[WhiteFideId "44507356"]
[BlackFideId "3804550"]
[WhiteElo "2936"]
[BlackElo "2620"]
[Result "1-0"]
[Round "2"]
[TimeControl "180+1"]
[Date "2023.11.14"]
[WhiteClock "0:00:11"]
[BlackClock "0:00:00"]
[Board "29"]

1. e4 c6 2. Nf3 d5 3. Nc3 Bg4 4. h3 Bxf3 5. Qxf3 e6 6. g3 Nf6 7. Bg2 Be7 8. O-O O-O 9. d3 d4 10. Nb1 e5 11. Qe2 c5 12. f4 Nc6 13. Nd2 Ne8 14. a4 Nd6 15. Nf3 Bf6 16. g4 exf4 17. e5 Re8 18. Bxf4 Bxe5 19. Bxe5 f6 20. Bxf6 Rxe2 21. Bxd8 Rxd8 22. Rf2 Rde8 23. Raf1 h6 24. Nd2 Nb4 25. Ne4 Rxf2 26. Rxf2 Nxe4 27. Bxe4 b6 28. c3 dxc3 29. bxc3 Na6 30. Bd5+ Kh8 31. Rf7 Rd8 32. Be4 c4 33. d4 Nb8 34. Rxa7 Nd7 35. Rb7 Nf6 36. Bf3 Rd6 37. Kf2 Kh7 38. h4 Kg6 39. Kg3 Re6 40. Kf4 1-0


[Site "https://www.chess.com"]

[Event "Titled Tuesday Blitz November 14 Early 2023"]
[White "Borsuk, Konstantin"]
[Black "Ashraf, Artin"]
[WhiteFideId "14113406"]
[BlackFideId "22514805"]
[WhiteElo "2618"]
[BlackElo "2934"]
[Result "1-0"]
[Round "2"]
[TimeControl "180+1"]
[Date "2023.11.14"]
[WhiteClock "0:00:10"]
[BlackClock "0:00:00"]
[Board "30"]

1. d4 Nf6 2. c4 e6 3. Nc3 d5 4. cxd5 exd5 5. Bg5 Be7 6. e3 h6 7. Bh4 Bg4 8. Qb3 Nbd7 9. Bd3 O-O 10. f3 Be6 11. Nge2 c5 12. Qd1 c4 13. Bc2 b5 14. Nxb5 Rb8 15. Nbc3 Rxb2 16. O-O Qa5 17. Na4 Rb7 18. Be1 Bb4 19. h3 Rfb8 20. e4 Bxe1 21. Rxe1 Ne8 22. e5 Nc7 23. f4 f5 24. g4 Rf8 25. Rf1 Nb5 26. Ng3 Nc3 27. Nxc3 Qxc3 28. Rf3 Qa5 29. gxf5 Bf7 30. e6 Nf6 31. exf7+ Rbxf7 32. Qe1 Qb6 33. Qc3 Re7 34. Kg2 Rfe8 35. Raf1 Qa6 36. a3 Qd6 37. Kh2 Qc7 38. R1f2 Qd6 39. Rg2 Kh7 40. Rff2 Kh8 41. Qd2 Qxa3 42. Re2 Qd6 43. Re5 Rd8 44. Rge2 Red7 45. Re6 Qc7 46. Qe3 Rf8 47. Qf3 Qa5 48. Nh5 Rdf7 49. Rg2 Nxh5 50. Qxh5 Rf6 51. Rxf6 Rxf6 52. Qe8+ Kh7 53. Qe7 1-0


[Site "https://www.chess.com"]

[Event "Titled Tuesday Blitz November 14 Early 2023"]
[White "Bharath Subramaniyam H"]
[Black "Kononenko, Dmitry"]
[WhiteFideId "46634827"]
[BlackFideId "14113538"]
[WhiteElo "2920"]
[BlackElo "2618"]
[Result "1-0"]
[Round "2"]
[TimeControl "180+1"]
[Date "2023.11.14"]
[WhiteClock "0:01:50"]
[BlackClock "0:01:03"]
[Board "31"]

1. e4 c6 2. d4 d5 3. e5 Bf5 4. g4 Be4 5. f3 Bg6 6. e6 Qd6 7. exf7+ Bxf7 8. Nc3 e5 9. dxe5 Qxe5+ 10. Nge2 Nd7 11. Bf4 Qf6 12. Qd2 h6 13. O-O-O Bd6 14. Ne4 dxe4 15. Bxd6 exf3 16. Ng3 O-O-O 17. Ne4 Qe6 18. Qa5 Nb6 19. Qxa7 Qxe4 20. Qb8+ Kd7 21. Bc7+ Nd5 22. Qxd8+ Ke6 23. Qd6# 1-0


[Site "https://www.chess.com"]

[Event "Titled Tuesday Blitz November 14 Early 2023"]
[White "Baskakov, Egor"]
[Black "Gontcharov, Vladislav"]
[WhiteFideId "24197866"]
[BlackFideId "4123492"]
[WhiteElo "2918"]
[BlackElo "2617"]
[Result "1-0"]
[Round "2"]
[TimeControl "180+1"]
[Date "2023.11.14"]
[WhiteClock "0:00:05"]
[BlackClock "0:00:00"]
[Board "32"]

1. e4 e6 2. Nc3 d6 3. g3 d5 4. Bg2 Nf6 5. Nge2 dxe4 6. Nxe4 Nxe4 7. Bxe4 Nd7 8. O-O Nf6 9. Bg2 h5 10. h3 e5 11. d3 Be7 12. d4 exd4 13. Nxd4 c6 14. c3 g6 15. Re1 O-O 16. Qc2 Nd5 17. Ne6 Bxe6 18. Rxe6 Bf6 19. Bh6 Bg7 20. Bxg7 Kxg7 21. Re5 Nf6 22. Rae1 Qd6 23. Qb3 b5 24. c4 h4 25. g4 bxc4 26. Qxc4 Rac8 27. Qc3 Kg8 28. Re7 Nd5 29. Qd4 Qb8 30. Rd7 Rcd8 31. Qxa7 Qxb2 32. Rxd8 Rxd8 33. Bxd5 cxd5 34. a4 d4 35. Qe7 Qb8 36. Rd1 d3 37. Qxh4 d2 38. Qg5 Qd6 39. a5 Rd7 40. a6 Qxa6 41. Rxd2 Rxd2 42. Qxd2 Qa1+ 43. Kg2 Qe5 44. Qd8+ Kg7 45. Qd3 Kg8 46. Qf3 Kg7 47. Qg3 Qe4+ 48. Kh2 Kg8 49. h4 Qe2 50. Kg2 Kg7 51. Qf4 Kg8 52. Kg3 Qd3+ 53. f3 Qf1 54. Qe3 Qb5 55. Kh3 Qf1+ 56. Kg3 Qb5 57. Qf2 Qc4 58. Kg2 1-0


[Site "https://www.chess.com"]

[Event "Titled Tuesday Blitz November 14 Early 2023"]
[White "Wadsworth, Matthew J"]
[Black "Rustemov, Alexander"]
[WhiteFideId "415804"]
[BlackFideId "4119002"]
[WhiteElo "2611"]
[BlackElo "2916"]
[Result "1/2-1/2"]
[Round "2"]
[TimeControl "180+1"]
[Date "2023.11.14"]
[WhiteClock "0:00:05"]
[BlackClock "0:00:14"]
[Board "33"]

1. Nf3 d5 2. g3 Nf6 3. Bg2 Bf5 4. c4 dxc4 5. Na3 c6 6. Nxc4 Nbd7 7. O-O e6 8. d3 Be7 9. Rb1 a5 10. b3 O-O 11. a3 h6 12. b4 axb4 13. axb4 Nd5 14. Bd2 Bh7 15. b5 Qc7 16. bxc6 bxc6 17. e4 N5b6 18. Bf4 Qd8 19. Nfe5 Nxe5 20. Nxe5 Rc8 21. Qb3 Nd7 22. Nxd7 Qxd7 23. Rfc1 Rfd8 24. Qb7 c5 25. Be3 Bf8 26. Qxd7 Rxd7 27. Rb3 g5 28. f3 Bg7 29. Rxc5 Rcd8 30. Rcb5 Bd4 31. Bxd4 Rxd4 32. Bf1 Ra4 33. Rb7 Ra1 34. Kf2 Bg6 35. Be2 Kg7 36. Rb1 Rda8 37. Rxa1 Rxa1 38. f4 Ra2 39. Ke3 Kf6 40. h4 gxh4 41. gxh4 h5 42. Rb5 Ra1 43. Bxh5 Rh1 44. Bxg6 fxg6 45. h5 gxh5 46. Rb6 Kf7 47. Kd4 Ra1 48. Rb7+ Kg6 49. Ke5 Ra6 50. d4 h4 51. Rb8 Kg7 52. Rb1 Kg6 53. Rg1+ Kh5 54. d5 exd5 55. exd5 h3 56. d6 Ra2 57. d7 Rd2 58. Ke6 Re2+ 59. Kf5 Rd2 60. Rg7 Kh4 61. Rh7+ Kg3 62. Ke6 h2 63. f5 Re2+ 64. Kf7 Rd2 65. Ke8 Re2+ 66. Kd8 Rf2 67. Rh5 Kg4 68. Rh8 Kxf5 69. Rf8+ Kg4 70. Rh8 Kg3 71. Kc8 Rc2+ 72. Kb8 Rd2 73. Kc8 Rc2+ 74. Kb8 Rd2 75. Kc8 Kg2 76. Rxh2+ Kxh2 77. d8=Q Rxd8+ 78. Kxd8 1/2-1/2


[Site "https://www.chess.com"]

[Event "Titled Tuesday Blitz November 14 Early 2023"]
[White "Chigaev, Maksim"]
[Black "Ezat, Mohamed"]
[WhiteFideId "4108116"]
[BlackFideId "10600906"]
[WhiteElo "2908"]
[BlackElo "2610"]
[Result "1/2-1/2"]
[Round "2"]
[TimeControl "180+1"]
[Date "2023.11.14"]
[WhiteClock "0:00:56"]
[BlackClock "0:00:57"]
[Board "34"]

1. e4 e5 2. Nf3 Nc6 3. Nc3 Nf6 4. g3 d5 5. exd5 Nxd5 6. Bg2 Nxc3 7. bxc3 Bc5 8. O-O O-O 9. Re1 Bg4 10. h3 Bh5 11. g4 Bg6 12. d3 e4 13. Ng5 e3 14. d4 exf2+ 15. Kxf2 Nxd4 16. Be3 Ne6 17. Qxd8 Raxd8 18. Nxe6 fxe6+ 19. Kg1 Bxe3+ 20. Rxe3 c6 21. Rxe6 Rd2 22. Re7 Rf7 23. Re8+ Rf8 24. Re7 Rf7 25. Re8+ Rf8 26. Re7 1/2-1/2


[Site "https://www.chess.com"]

[Event "Titled Tuesday Blitz November 14 Early 2023"]
[White "GatoRojo150"]
[Black "Zhigalko, Sergei"]
[BlackFideId "13502956"]
[WhiteElo "2609"]
[BlackElo "2903"]
[Result "1-0"]
[Round "2"]
[TimeControl "180+1"]
[Date "2023.11.14"]
[WhiteClock "0:00:58"]
[BlackClock "0:00:02"]
[Board "35"]

1. e4 c5 2. Nf3 Nc6 3. Nc3 Nf6 4. d4 cxd4 5. Nxd4 e5 6. Ndb5 d6 7. Bg5 a6 8. Na3 b5 9. Bxf6 gxf6 10. Nd5 Bg7 11. c3 f5 12. Bd3 Be6 13. Nxb5 axb5 14. Bxb5 Bd7 15. exf5 O-O 16. Qg4 Kh8 17. O-O Ne7 18. Qxg7+ Kxg7 19. f6+ Kg8 20. fxe7 Qc8 21. Bxd7 Qb7 22. exf8=Q+ Kxf8 23. c4 Qxb2 24. a4 Ra5 25. Bb5 h5 26. Rae1 h4 27. h3 Qc2 28. f4 Qd2 29. fxe5 Qd4+ 30. Kh1 dxe5 31. Re2 Ra7 32. Ne3 Qd3 33. c5 Qc3 34. c6 Ra8 35. Nf5 f6 36. Nxh4 Kf7 37. Nf3 Kg7 38. Nh4 Rd8 39. Nf5+ Kf7 40. Re3 Qc5 41. Ref3 Rd2 42. Nh6+ Ke7 43. Rxf6 Qd5 44. Rf7+ Ke6 45. R1f6# 1-0


[Site "https://www.chess.com"]

[Event "Titled Tuesday Blitz November 14 Early 2023"]
[White "Sychev, Klementy"]
[Black "Souleidis, Georgios"]
[WhiteFideId "4114060"]
[BlackFideId "4206827"]
[WhiteElo "2900"]
[BlackElo "2608"]
[Result "1-0"]
[Round "2"]
[TimeControl "180+1"]
[Date "2023.11.14"]
[WhiteClock "0:02:20"]
[BlackClock "0:00:10"]
[Board "36"]

1. e4 c5 2. Nf3 e6 3. d4 cxd4 4. Nxd4 Nf6 5. Nc3 Nc6 6. Ndb5 Bb4 7. a3 Bxc3+ 8. Nxc3 d5 9. Bd3 d4 10. Ne2 e5 11. O-O O-O 12. Ng3 h6 13. h3 Re8 14. f4 exf4 15. Bxf4 Ne5 16. Qd2 Ng6 17. Rae1 Be6 18. e5 Nd5 19. Bxh6 gxh6 20. Qxh6 Qh4 21. Nh5 1-0


[Site "https://www.chess.com"]

[Event "Titled Tuesday Blitz November 14 Early 2023"]
[White "Karamsetty, Jeevan"]
[Black "Kovalev, Vladislav"]
[WhiteFideId "2025337"]
[BlackFideId "13504398"]
[WhiteElo "2604"]
[BlackElo "2900"]
[Result "0-1"]
[Round "2"]
[TimeControl "180+1"]
[Date "2023.11.14"]
[WhiteClock "0:00:01"]
[BlackClock "0:00:53"]
[Board "37"]

1. e4 e5 2. Nf3 Nc6 3. d4 exd4 4. Bc4 Nf6 5. e5 d5 6. Bb5 Nd7 7. O-O Be7 8. Bxc6 bxc6 9. Nxd4 Nb8 10. Qf3 c5 11. Nf5 Bxf5 12. Qxf5 Qd7 13. Qf3 Nc6 14. Nc3 Rd8 15. Qg3 g6 16. Bh6 Qf5 17. Rfe1 Nd4 18. Rac1 c6 19. Bg7 Rg8 20. Bf6 g5 21. Na4 Ne6 22. Bxe7 Kxe7 23. Nxc5 Nf4 24. Qa3 Qg4 25. Ne4+ Ke6 26. Ng3 Rg6 27. Qc5 Kd7 28. Qxa7+ Ke8 29. f3 Qe6 30. Qc5 h5 31. a4 h4 32. Nf1 g4 33. fxg4 Qxg4 34. Ne3 Qf3 35. Qxc6+ Rxc6 36. gxf3 d4 37. Ng4 d3 38. cxd3 Rxc1 39. Rxc1 Ne2+ 40. Kf2 Nxc1 41. Ke3 Nxd3 42. Ke4 Nxb2 43. Kf5 Nxa4 44. Kg5 h3 45. Kh4 Ke7 46. Kxh3 Ke6 47. Kg3 Kf5 48. h4 Rh8 49. f4 Nc3 50. Ne3+ Ke4 51. Ng4 Ne2+ 52. Kf2 Nxf4 0-1


[Site "https://www.chess.com"]

[Event "Titled Tuesday Blitz November 14 Early 2023"]
[White "Kamsky, Gata"]
[Black "Aaditya Dhingra"]
[WhiteFideId "2000024"]
[BlackFideId "25678191"]
[WhiteElo "2898"]
[BlackElo "2602"]
[Result "1-0"]
[Round "2"]
[TimeControl "180+1"]
[Date "2023.11.14"]
[WhiteClock "0:01:05"]
[BlackClock "0:00:23"]
[Board "38"]

1. d4 Nf6 2. Bf4 b6 3. e3 Bb7 4. Nf3 g6 5. h3 Bg7 6. c3 O-O 7. Nbd2 d6 8. a4 a6 9. Bc4 Nbd7 10. O-O Qe8 11. Bh2 e5 12. b4 Qe7 13. Qb3 e4 14. Ne1 h5 15. Nc2 h4 16. Be2 Nh7 17. a5 b5 18. c4 bxc4 19. Bxc4 Ndf6 20. b5 axb5 21. Qxb5 Bc8 22. a6 Bd7 23. Qa5 Ra7 24. Nb4 c5 25. Qb6 Bxh3 26. Qxd6 cxb4 27. Qxe7 Rxe7 28. gxh3 Ra8 29. Rfb1 Ng5 30. Kg2 Rd7 31. Rxb4 Bf8 32. Rb5 Ne6 33. Be5 Ne8 34. Nxe4 1-0


[Site "https://www.chess.com"]

[Event "Titled Tuesday Blitz November 14 Early 2023"]
[White "Sydoryka, Vladyslav"]
[Black "Mahdavi, Reza"]
[WhiteFideId "14145928"]
[BlackFideId "12595926"]
[WhiteElo "2601"]
[BlackElo "2897"]
[Result "1-0"]
[Round "2"]
[TimeControl "180+1"]
[Date "2023.11.14"]
[WhiteClock "0:00:12"]
[BlackClock "0:00:57"]
[Board "39"]

1. c4 e6 2. g3 d5 3. Bg2 Nf6 4. Nf3 d4 5. O-O c5 6. e3 Nc6 7. exd4 cxd4 8. Re1 Bd6 9. Na3 O-O 10. Nc2 e5 11. d3 Re8 12. b4 Bf5 13. b5 Na5 14. Bg5 h6 15. Bxf6 Qxf6 16. Nh4 Bh7 17. Qd2 Bc7 18. Nb4 Qg5 19. Qe2 Rad8 20. Nd5 Bd6 21. Rac1 b6 22. f4 exf4 23. Qxe8+ Rxe8 24. Rxe8+ Bf8 25. Nf3 Qh5 26. Ne7+ Kh8 27. Rxf8+ Bg8 28. Rxg8+ Kh7 29. gxf4 Qc5 30. Re1 Qb4 31. Rf8 Nb7 32. Rxf7 Nd6 33. Rf8 Qc3 34. h4 g6 35. Nd5 1-0


[Site "https://www.chess.com"]

[Event "Titled Tuesday Blitz November 14 Early 2023"]
[White "Alekseenko, Kirill"]
[Black "Belov, Alexei"]
[WhiteFideId "4135539"]
[BlackFideId "4128206"]
[WhiteElo "2894"]
[BlackElo "2598"]
[Result "1-0"]
[Round "2"]
[TimeControl "180+1"]
[Date "2023.11.14"]
[WhiteClock "0:01:07"]
[BlackClock "0:00:41"]
[Board "40"]

1. e4 e6 2. d4 d5 3. Nd2 Nf6 4. e5 Nfd7 5. f4 c5 6. c3 Nc6 7. Ndf3 Qb6 8. h4 Be7 9. a3 a5 10. h5 h6 11. Rh3 O-O 12. Bd3 Kh8 13. Ne2 f5 14. Kf1 a4 15. Kg1 cxd4 16. cxd4 Qd8 17. Kh1 Nb6 18. Qg1 Nc4 19. g4 Bd7 20. Rb1 N6a5 21. Bd2 Nb3 22. Bc3 Bb5 23. gxf5 exf5 24. Rd1 Rc8 25. Qf2 Nxa3 26. bxa3 Bxd3 27. Rxd3 Bxa3 28. Nh4 Kh7 29. Rdg3 Rf7 30. Qg2 Qd7 31. Rg6 Rc6 32. Rxc6 bxc6 33. Qg6+ Kh8 34. e6 1-0


[Site "https://www.chess.com"]